Milla, chaotic female elven Priestess ------ |?.()%################### ----------- |.$.q|#d####################..........| |....@## ### |..<......| ------# |.........| .........^| ----------- Milla the Adept Experience level: 6 Strength: 11 Dexterity: 14 Constitution: 14 Intelligence: 10 Wisdom: 17 Charisma: 11 Health: 0(43) Energy: 70(73) AC: 5 Gold: 877 Moves: 2426 Your Inventory: Coins $ - 877 gold pieces Weapons a - a blessed +1 mace (weapon in hand) t - 8 uncursed [+0] darts (in quiver) Armor b - an uncursed +0 robe (being worn) c - an uncursed +0 small shield (being worn) G - an uncursed +0 leather armor (being worn) Comestibles e - an uncursed clove of garlic f - an uncursed sprig of wolfsbane K - an uncursed food ration Scrolls D - an uncursed scroll labeled VE FORBRYDERNE [of confuse monster] I - an uncursed scroll labeled ABRA KA DABRA [of scare monster] Spellbooks g - an uncursed spellbook of create monster h - an uncursed spellbook of remove curse v - an uncursed spellbook of knock E - an uncursed parchment spellbook [of dig] Potions d - 2 potions of holy water B - an uncursed milky potion [of blindness] Rings H - an uncursed +1 ring of gain constitution (on right hand) Tools i - an uncursed tooled horn Gems k - 3 uncursed worthless pieces of green glass l - 8 uncursed worthless pieces of white glass m - 3 uncursed violet gems [worthless glass] n - 3 uncursed yellowish brown gems [worthless glass] o - 4 uncursed worthless pieces of red glass s - an uncursed orange gem [worthless glass] Spells known in the end: Name Level Category Fail Memory a - create monster 2 clerical 0% [||||||||] b - remove curse 3 clerical 0% [||||||||] Your skills at the end: Fighting Skills Weapon Skills mace [Basic / Expert] Spellcasting Skills clerical spells [Basic / Expert] Final Attributes: You were piously aligned. Hunger level was 57. Your alignment was 22 / 22. Monster difficulty range was 0 - 5. Level difficulty was 5. You were immune to sleep. You saw invisible. You had infravision. Your luck was zero. You are dead. Vanquished creatures: a shrieker a floating eye a dwarf a kobold lord a kobold shaman a rothe 2 giant bats an orc zombie a werejackal an acid blob a gas spore 2 manes a large kobold a giant rat a brown mold a green mold 2 jackals 2 goblins 2 grid bugs a lichen 3 kobold zombies 2 newts 30 creatures vanquished. Voluntary challenges: You were an atheist. You used a wielded weapon 24 times. You read items or engraved 6 times. You put on armor 4 times. You never genocided any monsters. You never polymorphed an object. You never changed form. You used no wishes. You never wrote Elbereth's name. You never encountered a bones level. You never used any Sokoban shortcuts. Dungeon overview: The Dungeons of Doom: levels 1 to 5 Level 1 a long staircase Level 2 a scroll shop portal to Advent Calendar Level 4 a long staircase Level 5 <- You were here Advent Calendar: Level 2 many trees portal to The Dungeons of Doom History has recorded: On T:1 you entered the Dungeons of Doom to retrieve the Amulet of Yendor! On T:31 you reached level 2 of The Dungeons of Doom. On T:225 you advanced to experience level 2. On T:235 you reached level 1 of Advent Calendar. On T:556 you advanced to experience level 3. On T:1261 you reached level 3 of The Dungeons of Doom. On T:1266 you advanced to experience level 4. On T:1775 you reached level 4 of The Dungeons of Doom. On T:1827 you advanced to experience level 5. On T:2294 you reached level 5 of The Dungeons of Doom. On T:2423 you advanced to experience level 6. Latest messages: The rothe bites! (2x) [HP-8=13] You miss the rothe. The rothe hits! The rothe bites! (2x) [HP-10=3] You see here an uncursed crude dagger. Never mind. Never mind. You feel more experienced. Welcome to experience level 6. [HP+10=13] The rothe hits! The rothe bites! (2x) [HP-10=3] The rothe hits! The rothe misses. The rothe bites! You die... Final status: Goodbye Milla the Priestess... You died in The Dungeons of Doom on dungeon level 5 with 1828 points, and 877 pieces of gold, after 2426 moves. You were level 6 with a maximum of 43 hit points when you died.